 Dungeon Crawl Stone Soup version 0.31-a0-1074-g0b22e4e0f1 (webtiles) character file.

Game seed: 5405656821364162220

220974 RepHenryClay the Spry (level 18, -5/160 HPs)
             Began as a Yellow Draconian Shapeshifter on Dec 7, 2023.
             Was the Champion of Okawaru.
             Constricted to death by a shambling mangrove (18 damage)
             ... on level 3 of the Swamp.
             The game lasted 01:38:05 (45924 turns).

RepHenryClay the Spry (DrSh)                       Turns: 45924, Time: 01:38:06

Health: -5/160     AC: 15    Str: 18      XL:     18   Next: 49%
Magic:  25/25      EV: 22    Int: 12      God:    Okawaru [******]
Gold:   794        SH: 10    Dex: 14 (16) Spells: 10/17 levels left

rFire   + .          .
                       - Unarmed
rCold   + + .        u - +3 warlock's mirror {omnireflect}
rNeg    + . .        (body armour unavailable)
rPois   +            L - +1 hat {Will+}
rElec   .            z - scarf {rC+ rF+}
rCorr   +            x - +2 pair of gloves
SInv    .            j - +0 pair of boots
Will    ++...        m - amulet of magic regeneration
Stlth   +++          T - ring of the Will of the Gods {rC+ rN+ Slay+5}
HPRegen 0.46/turn    K - ring of poison resistance
MPRegen 0.59/turn

%: reflection
@: maw-form, heroic, grasped by roots, constricted
A: devouring maw, spit acid, AC +10, unfitting armour, acidic bite,
cold-blooded, acid resistance
}: 1/15 runes: gossamer
a: Breathe Acid, Begin Untransformation, Renounce Religion, Heroism, Finesse,
Duel


You were on level 3 of the Swamp.
You worshipped Okawaru.
Okawaru was exalted by your worship.
You were a creature with a mouth for a stomach.
You visited 7 branches of the dungeon, and saw 31 of its levels.

You collected 3004 gold pieces.
You spent 2210 gold pieces at shops.

Inventory:

Missiles
 d - 6 javelins
 f - 67 poisoned darts
 C - a throwing net
 M - 8 curare-tipped darts
 X - 22 silver javelins
 Z - a dart of dispersal (quivered)
Armour
 g - the +0 hat of the Delicate God {Rampage rC+}
   (You found it on level 4 of the Spider Nest)

   rC+:       It protects you from cold.
   Rampage:   It bestows one free step when moving towards enemies.
 j - a +0 pair of boots (worn)
 u - the +3 warlock's mirror (worn) {omnireflect}
   (You bought it in a shop on level 2 of the Orcish Mines)

   Omnireflect: It can block and reflect piercing ranged attacks and magical
   attacks against the wielder's willpower.
 x - a +2 pair of gloves (worn)
 z - a scarf of resistance (worn)
 L - a +1 hat of willpower (worn)
 O - a scarf of repulsion
Jewellery
 m - an amulet of magic regeneration (around neck)
 A - a ring of protection from cold
 F - a ring of see invisible
 K - a ring of poison resistance (right hand)
 Q - a +6 ring of dexterity
 T - the ring of the Will of the Gods (left hand) {rC+ rN+ Slay+5}
   (You found it on level 1 of the Lair of Beasts)

   [ring of positive energy]

   Slay+5:    It affects your accuracy & damage with ranged weapons and melee
   (+5).
   rC+:       It protects you from cold.
   rN+:       It protects you from negative energy.
 V - a ring of positive energy
Talismans
 b - a beast talisman
 c - a flux talisman
 E - a maw talisman (active)
 J - a blade talisman
Wands
 o - a wand of light (9)
 t - a wand of paralysis (18)
 D - a wand of mindburst (21)
 H - a wand of iceblast (16)
 R - a wand of digging (16)
Scrolls
 h - 2 scrolls of blinking
 k - 9 scrolls of identify {@r1}
 n - 2 scrolls of enchant armour
 p - a scroll of poison
 q - 3 scrolls of teleportation
 r - 10 scrolls of fog
 s - a scroll of torment
 B - 4 scrolls of brand weapon
 P - a scroll of immolation
 U - 3 scrolls of revelation
 Y - 4 scrolls of enchant weapon
Potions
 a - a potion of cancellation
 e - 3 potions of mutation
 i - a potion of magic
 l - 4 potions of ambrosia
 v - 3 potions of might
 G - 4 potions of curing
 I - 2 potions of haste
 N - 8 potions of lignification
 W - 5 potions of attraction


   Skills:
 + Level 14.1(19.1) Fighting
 - Level 6.0(11.0) Throwing
 + Level 19.9(24.9) Dodging
 - Level 7.0(12.0) Shields
 - Level 16.1(21.1) Unarmed Combat
 - Level 5.8 Translocations
 - Level 10.5 Invocations
 - Level 10.0 Shapeshifting


You had 10 spell levels left.
You knew the following spells:

 Your Spells              Type           Power      Damage    Failure   Level
a - Lesser Beckoning      Tloc           28%        N/A       5%          2
b - Blink                 Tloc           28%        N/A       5%          2
c - Gell's Gravitas       Tloc           14%        N/A       11%         3

Your spell library contained the following spells:

 Spells                   Type           Power      Damage    Failure   Level
 Teleport Other           Tloc           14%        N/A       11%         3
 Momentum Strike          Conj/Tloc      14%        3d8       17%         2
 Volatile Blastmotes      Fire/Tloc      14%        2d11      34%         3
 Manifold Assault         Tloc           14%        N/A       34%         4
 Freeze                   Ice            0%         1d3       36%         1
 Magic Dart               Conj           0%         1d3       36%         1
 Sandblast                Erth           0%         2d4       36%         1
 Ensorcelled Hibernation  Hex/Ice        0%         N/A       50%         2
 Jinxbite                 Hex            0%         N/A       50%         2
 Passwall                 Tmut/Erth      0%         N/A       50%         2
 Dazzling Flash           Conj/Hex       0%         N/A       75%         3
 Frozen Ramparts          Ice            0%         1d1       75%         3
 Hailstorm                Conj/Ice       0%         3d3       75%         3
 Inner Flame              Hex/Fire       0%         N/A       75%         3
 Mephitic Cloud           Conj/Pois/Air  0%         N/A       75%         3
 Stone Arrow              Conj/Erth      0%         3d7       75%         3
 Dimensional Bullseye     Hex/Tloc       3%         N/A       75%         4
 Iskenderun's Mystic Bla  Conj/Tloc      7%         2d4       75%         4
 Anguish                  Hex/Necr       0%         N/A       98%         4
 Brom's Barrelling Bould  Conj/Erth      0%         2d3       98%         4
 Flame Wave               Conj/Fire      0%         2d4       98%         4
 Fulminant Prism          Conj/Hex       0%         3d5       98%         4
 Petrify                  Tmut/Erth      0%         N/A       98%         4
 Sticky Flame             Conj/Fire      0%         2d3       98%         4
 Dispersal                Tloc           7%         N/A       99%         6
 Agony                    Necr           0%         N/A       100%        5
 Metabolic Englaciation   Hex/Ice        0%         N/A       100%        5
 Silence                  Hex/Air        0%         N/A       100%        5
 Disjunction              Tloc           7%         N/A       100%        8
 Call Imp                 Summ           Unusable   N/A       N/A         2
 Tukima's Dance           Hex            Unusable   N/A       N/A         3

Dungeon Overview and Level Annotations

Branches:
Dungeon (14/15)            Temple (1/1) D:4            Lair (5/5) D:10
  Swamp (4/4) Lair:2       Spider (4/4) Lair:3        Slime (0/5) Lair:4
    Orc (2/2) D:10            Elf (1/3) Orc:2        Vaults (0/5) D:14

Altars:
Ashenzari
Cheibriados
Dithmenos
Elyvilon
Fedhas
Gozag
Hepliaklqana
Kikubaaqudgha
Makhleb
Nemelex Xobeh
Okawaru
Qazlal
Ru
Sif Muna
Trog
Uskayaw
Vehumet
Wu Jian
Xom
Yredelemnul
Zin
The Shining One
Jiyva

Shops:
D:1 [(!?[   D:7 [   Orc:2 [*:(

Annotations:
D:4 3 runed translucent doors, lucidstorm14's ghost, amateur HOFi
D:12 2 transporters, mooti9's ghost, journeyman DjIE
Lair:4 4 exclusions
Spider:3 2 transporters, javelincjr's ghost, adept DjFE


Innate Abilities, Weirdness & Mutations

You are a creature with a mouth for a stomach.
Your midsection houses a second, enormous mouth.
You can spit globs of acid.
Your golden yellow scales are hard. (AC +10)
You cannot fit into any form of body armour.
You have acidic saliva.
You are cold-blooded and may be slowed by cold attacks.
You are resistant to acid. (rCorr)


Message History

Okay, then.
You pummel the shambling mangrove!!
You tail-slap the shambling mangrove, but do no damage.
You bite the shambling mangrove, but do no damage.
You bite the shambling mangrove.
The shambling mangrove is moderately damaged.
You block the shambling mangrove's attack.
You punch the shambling mangrove!
You bite the shambling mangrove, but do no damage.
The shambling mangrove is moderately damaged.
You hit the shambling mangrove but do no damage.
The shambling mangrove is moderately damaged.
The shambling mangrove hits you!!
* * * LOW HITPOINT WARNING * * *
Huge Dmg: -22%(-34hp) hp: 7%(11hp) Welcome back, RepHenryClay the Yellow Draconian Shapeshifter.
Okawaru says: Bring me glory in combat!
Press ? for a list of commands and other information.
Okay, then.
Okay, then.
Unknown command.
Press: ? - help, v - describe, . - travel, g - get item
Here: a shambling mangrove (moderately damaged) Item here: a +0 long sword.
The floor.
Okay, then.
Unknown command.
Throw: 2 darts (disperse)
Press: ? - help, Q - select action, (/) - cycle Shift-Dir - straight line, f - shambling mangrove
Aim: a shambling mangrove (moderately damaged, 90% to hit)
You throw a dart of dispersal.
The dart of dispersal hits the shambling mangrove!
The shambling mangrove blinks!
The shambling mangrove is moderately damaged.
You feel ready to blink again.
There is a stone staircase leading up, spattered with blood here.
Roots burst forth from the earth!
The grasping roots grab you! The grasping roots constrict you!!
You die...

♣~~.~.~.♣ ♣♣~~..♣♣....♣♣......~.~
♣.~§.♣~.♣♣ ♣.~..♣♣♣♣..♣♣♣♣......♣.
♣♣♣.~~~~.♣♣
♣.~~.♣♣♣♣..♣♣♣♣.~..~(..
♣♣~♣...)♣♣♣♣....♣♣....♣♣..~~~.[.~
♣.~.♣....♣ ♣♣.............~~..~.~
♣♣....~.♣♣♣♣♣.~.......~♣~~...~~..
♣♣♣..♣.~...~~....~.~~~♣♣.~~~..~~
♣..♣♣~~~~~~~~....§~.♣♣~.♣.~.~.
♣~.♣♣♣~....>W...~..~♣.~.♣..~~♣
####≈~♣♣♣.♣~~~§..~~.§...~.~~...♣♣
♣##..##§~♣♣~.~~~~~~....~.(.~.~~♣♣♣
~#...[#§≈♣♣~..~~~~~%~~~~~~~♣.♣♣♣
~'....#~.♣~~..~~§~§.f~~~..~~♣♣
~#....#~≈♣♣♣♣♣~~~~.......~~♣♣
~##..##.~♣ ♣.~~~...♣♣...♣♣♣
~♣####~~~♣ ♣♣~§~~.~♣♣♣~♣♣♣
~~~.~~~≈♣♣ ♣~~~~~♣♣♣ ♣♣♣


You could see a shambling mangrove.

Vanquished Creatures
  Nikola (Spider:3)
  Jorgrun (Spider:3)
  A tentacled monstrosity (Swamp:3)
  Mlioglotl (Swamp:3)
  Asterion (Spider:1)
  A tentacled starspawn (Lair:3)
  Frances (D:13)
  Donald (Swamp:1)
  Kirke (Swamp:1)
  4 emperor scorpions
  A deep elf sorcerer (Elf:1)
  Louise (Swamp:2)
  A deep elf elementalist (Elf:1)
  2 ghost moths
  An orc warlord (Orc:2)
  The ghost of drugrobin the Black Belt, a journeyman DgDe (D:14)
  5 eleionomae
  Azrael (D:12)
  Nessos (D:12)
  A dire elephant (Lair:2)
  4 spark wasps
  2 bunyips
  4 entropy weavers
  A deep elf death mage (Elf:1)
  An ice dragon (D:14)
  Fannar (D:11)
  13 hydras
  2 ghost crabs
  A jorogumo (Spider:1)
  Erolcha (D:13)
  3 centaur warriors
  8 radroaches
  7 alligators
  13 boulder beetles
  4 death yaks (Lair:5)
  5 two-headed ogres
  2 tengu warriors
  7 demonic crawlers
  A dancing weapon (Elf:1)
  Urug (D:11)
  An orc high priest (Orc:2)
  Nergalle (Orc:2)
  3 deep elf knights (Elf:1)
  A skyshark (Lair:3)
  A shadow wraith (D:14)
  Amaemon (D:10)
  5 pharaoh ants
  A spriggan druid (Swamp:4)
  6 goliath frogs
  2 orb spiders (Spider:1)
  3 bog bodies
  2 deep elf archers (Elf:1)
  5 swamp dragons
  3 lindwurms
  10 steelbarb worms
  5 orc knights
  5 deep elf pyromancers
  4 will-o-the-wisps
  The ghost of Zonian the Magician, a novice DEFE of Ashenzari (D:6)
  3 orc sorcerers (Orc:2)
  4 ugly things (D:14)
  15 wolf spiders
  4 manticores
  4 deep elf zephyrmancers (Elf:1)
  7 moths of wrath
  7 cyclopes
  7 black mambas
  14 elephants
  12 torpor snails
  14 cane toads
  An orange demon (D:10)
  4 kobold demonologists
  4 rime drakes
  2 unseen horrors
  12 komodo dragons
  Psyche (D:11)
  A tengu conjurer (D:13)
  A komodo dragon (shapeshifter) (D:13)
  A yaktaur (shapeshifter) (D:14)
  3 ice devils (D:14)
  18 meliai
  4 hornets
  7 trolls
  A bloated husk (Swamp:4)
  A wolf spider simulacrum (D:14)
  14 tarantellas
  11 tyrant leeches
  3 polar bears
  5 blink frogs (Lair:5)
  4 dream sheep (Lair:5)
  14 jumping spiders
  7 slime creatures
  2 centaur simulacra (D:14)
  9 culicivoras
  5 spriggans
  An air elemental (Elf:1)
  8 wyverns
  A shadow (D:12)
  2 fire elementals (D:12)
  2 hogs (Swamp:1)
  30 yaks
  2 humans
  2 basilisks
  44 redbacks
  6 vampire mosquitoes
  4 steam dragons
  20 swamp worms
  5 wargs (Orc:2)
  Edmund (D:5)
  12 water moccasins
  4 hell hounds (D:12)
  28 orc warriors
  4 swamp drakes
  3 ice beasts
  5 sky beasts
  A meliai simulacrum (D:14)
  2 black bears
  8 ogres
  5 centaurs
  16 wolves
  11 kobold brigands
  2 gnoll sergeants
  10 bullfrogs
  A scorpion (D:6)
  8 wights
  A hornet simulacrum (D:14)
  11 killer bees
  4 electric eels
  3 howler monkeys
  2 jellies (D:5)
  14 orc priests
  A gnoll bouda (D:8)
  3 hounds
  3 iguanas
  2 sleepcaps
  Terence (D:3)
  20 orc wizards
  A boggart simulacrum (D:14)
  16 gnolls
  7 adders
  A shadow imp (D:7)
  A white imp (D:8)
  4 ufetubi
  A worm (D:3)
  2 dart slugs
  66 orcs
  2 bats (D:1)
  6 endoplasms
  2 giant cockroaches (D:4)
  7 goblins
  4 hobgoblins
  6 quokkas
  9 ball pythons
  4 frilled lizards
  12 kobolds
  3 rats
  A spectral goblin (D:14)
863 creatures vanquished.

Vanquished Creatures (others)
  An alligator (Swamp:4)
  A deep elf archer (Elf:1)
  2 bloated husks
  A swamp worm (Swamp:2)
  A sky beast (D:10)
  An orc priest (Orc:2)
  12 foxfires
  2 starspawn tentacles (Lair:3)
21 creatures vanquished.

Grand Total: 884 creatures vanquished

Notes
Turn   | Place    | Note
-------+----------+-------------------------------------------
     0 | D:1      | RepHenryClay the Draconian Shapeshifter began the quest for
                  | the Orb.
     0 | D:1      | Reached XP level 1. HP: 16/16 MP: 1/1
    40 | D:1      | Found Moluj's Magic Scroll Emporium.
   132 | D:1      | Reached skill level 2 in Dodging
   394 | D:1      | Reached XP level 2. HP: 23/23 MP: 2/2
   455 | D:1      | Found Kupt's Armour Shop.
   476 | D:1      | Found Ranaitua's Distillery.
   480 | D:1      | Bought a potion of curing for 33 gold pieces
   480 | D:1      | Bought a potion of degeneration for 11 gold pieces
   771 | D:1      | Found Uptih's Armour Shoppe.
   779 | D:1      | Bought a +0 pair of boots for 45 gold pieces
   816 | D:1      | Found Woineuso's Antique Weapon Shop.
   873 | D:2      | Reached XP level 3. HP: 20/28 MP: 3/3
   975 | D:2      | Found a faded altar of an unknown god.
  1534 | D:3      | Reached skill level 3 in Dodging
  1534 | D:3      | Reached XP level 4. HP: 26/35 MP: 4/4
  2203 | D:3      | Reached XP level 5. HP: 37/40 MP: 5/5
  2247 | D:3      | Found a basalt altar of Yredelemnul.
  2451 | D:3      | Noticed Terence
  2469 | D:3      | Killed Terence
  2817 | D:1      | Bought a potion of might for 44 gold pieces
  2855 | D:1      | Bought a scroll of teleportation for 42 gold pieces
  3041 | D:4      | Found a staircase to the Ecumenical Temple.
  3055 | Temple   | Entered the Ecumenical Temple
  3078 | Temple   | Became a worshipper of Warmaster Okawaru
  3132 | D:4      | Noticed a black bear
  3159 | D:4      | Killed a black bear
  3160 | D:4      | Reached skill level 1 in Invocations
  3160 | D:4      | Reached skill level 5 in Shapeshifting
  3160 | D:4      | Reached XP level 6. HP: 18/47 MP: 5/7
  3841 | D:4      | Found a runed translucent gate.
  3841 | D:4      | Found a runed translucent gate.
  3841 | D:4      | Found a runed translucent gate.
  3842 | D:4      | Found an opulent altar of Gozag.
  3844 | D:4      | Noticed lucidstorm14's ghost (amateur HOFi)
  4078 | D:4      | Noticed an ice beast
  4089 | D:4      | Killed an ice beast
  4090 | D:4      | Your scales start taking on a golden yellow colour.
  4090 | D:4      | Reached XP level 7. HP: 44/52 MP: 9/9
  4090 | D:4      | Gained mutation: You are resistant to acid. (rCorr) [Yellow
                  | Draconian growth]
  4801 | D:5      | Entered Level 5 of the Dungeon
  4995 | D:5      | Reached * piety under Okawaru
  5213 | D:5      | Reached skill level 5 in Invocations
  5468 | D:5      | Noticed Edmund
  5494 | D:5      | Killed Edmund
  5514 | D:5      | Reached skill level 4 in Dodging
  5514 | D:5      | Reached XP level 8. HP: 59/59 MP: 11/11
  6197 | D:6      | Reached ** piety under Okawaru
  6375 | D:6      | Reached skill level 5 in Dodging
  6439 | D:6      | Found a shadowy altar of Dithmenos.
  6508 | D:6      | Found a runed translucent gate.
  6508 | D:6      | Found a runed translucent gate.
  6509 | D:6      | Found a runed translucent gate.
  6817 | D:6      | Noticed Zonian's ghost (novice DEFE)
  6817 | D:6      | Noticed a kobold demonologist
  7011 | D:7      | Found Luloel's Antique Armour Shop.
  7016 | D:7      | Bought a glowing buckler for 135 gold pieces
  7058 | D:7      | Reached skill level 6 in Dodging
  7063 | D:7      | Reached XP level 9. HP: 71/71 MP: 12/12
  7516 | D:7      | Reached skill level 5 in Unarmed Combat
  7828 | D:8      | Reached *** piety under Okawaru
  8124 | D:8      | Reached skill level 5 in Fighting
  8124 | D:8      | Reached skill level 7 in Dodging
  8212 | D:8      | Noticed a troll
  8213 | D:8      | Found a stormy altar of Qazlal.
  8223 | D:8      | Killed a troll
  8343 | D:8      | Found a hazy altar of Hepliaklqana.
  8353 | D:8      | Found a snail-covered altar of Cheibriados.
  8355 | D:8      | Found a bloodstained altar of Trog.
  8588 | D:8      | Reached **** piety under Okawaru
  8589 | D:8      | Reached skill level 8 in Dodging
  8813 | D:1      | Bought a scroll of identify for 28 gold pieces
  8813 | D:1      | Bought a scroll of identify for 28 gold pieces
  8813 | D:1      | Bought a scroll of identify for 28 gold pieces
  9085 | D:9      | Noticed a two-headed ogre
  9103 | D:9      | Killed a two-headed ogre
  9104 | D:9      | Reached XP level 10. HP: 59/83 MP: 13/13
  9403 | D:9      | Found a sparkling altar of Nemelex Xobeh.
  9403 | D:9      | Found a glowing silver altar of Zin.
  9404 | D:9      | Noticed a boulder beetle
  9438 | D:9      | Killed a boulder beetle
  9438 | D:9      | Reached ***** piety under Okawaru
  9438 | D:9      | Received a gift from Okawaru
  9439 | D:9      | Reached skill level 9 in Dodging
  9628 | D:9      | Paralysed by a hornet for 2 turns
 10240 | D:10     | Entered Level 10 of the Dungeon
 10389 | D:10     | Found a staircase to the Orcish Mines.
 10509 | D:10     | Found a staircase to the Lair.
 11006 | D:10     | Reached skill level 10 in Dodging
 11570 | D:10     | Reached XP level 11. HP: 83/94 MP: 14/14
 11975 | Lair:1   | Entered Level 1 of the Lair of Beasts
 11983 | Lair:1   | Noticed Amaemon
 12005 | D:10     | Killed Amaemon
 12626 | Lair:1   | Received a gift from Okawaru
 13416 | Lair:1   | Identified the ring of the Will of the Gods {rC+ rN+
                  | Slay+5}
 13838 | Lair:2   | Reached skill level 10 in Shapeshifting
 13984 | Lair:2   | Noticed a five-headed hydra
 14031 | Lair:2   | Noticed a four-headed hydra
 14043 | Lair:1   | Received a gift from Okawaru
 14254 | Lair:2   | Killed a five-headed hydra
 14533 | Lair:2   | Killed a four-headed hydra
 14692 | Lair:2   | Found a staircase to the Swamp.
 14692 | Lair:2   | Noticed an eleionoma
 15184 | Lair:2   | Killed an eleionoma
 15185 | Lair:2   | Reached skill level 11 in Dodging
 15185 | Lair:2   | Reached XP level 12. HP: 99/103 MP: 15/15
 15285 | Lair:2   | Received a gift from Okawaru
 15337 | Lair:2   | Noticed a boulder beetle
 15344 | Lair:2   | Killed a boulder beetle
 15365 | Lair:2   | Noticed a dire elephant
 15387 | Lair:2   | Found a runed translucent door.
 16077 | Lair:3   | HP: 4/104 [skyshark (3)]
 16525 | Lair:3   | Found a hole to the Spider Nest.
 16866 | Lair:3   | Found a runed translucent door.
 16866 | Lair:3   | Noticed a tentacled starspawn
 16872 | Lair:3   | Received a gift from Okawaru
 16958 | Lair:3   | Reached skill level 12 in Dodging
 17277 | Lair:4   | Found a staircase to the Slime Pits.
 17277 | Lair:4   | Found a viscous altar of Jiyva.
 17925 | Lair:4   | Reached skill level 13 in Dodging
 18283 | Lair:5   | Entered Level 5 of the Lair of Beasts
 18283 | Lair:5   | Noticed a six-headed hydra
 18848 | Orc:1    | Entered Level 1 of the Orcish Mines
 18978 | Orc:1    | Received a gift from Okawaru
 19369 | Orc:1    | Reached XP level 13. HP: 95/111 MP: 16/16
 19459 | Orc:1    | Reached skill level 14 in Dodging
 19925 | Lair:5   | Identified a scroll of acquirement
 19926 | Lair:5   | Acquired a manual of Unarmed Combat
 20184 | Lair:5   | Received a gift from Okawaru
 20419 | Lair:5   | Reached skill level 10 in Unarmed Combat
 21193 | Lair:5   | Received a gift from Okawaru
 21704 | Lair:5   | Reached skill level 15 in Dodging
 22617 | Lair:5   | Received a gift from Okawaru
 23169 | Lair:5   | Identified the +4 trident "Wuphar" {protect, rC+}
 23622 | Lair:3   | Killed a tentacled starspawn
 23778 | Lair:2   | Gained mutation: You have acidic saliva. [Yellow Draconian
                  | growth]
 23778 | Lair:2   | Reached XP level 14. HP: 108/118 MP: 17/17
 24224 | Orc:2    | Entered Level 2 of the Orcish Mines
 24421 | D:11     | Noticed Urug
 24426 | D:11     | Received a gift from Okawaru
 24434 | D:11     | Killed Urug
 24512 | D:11     | You fall into a shaft and drop 3 floors!
 24587 | D:14     | Noticed drugrobin's ghost (journeyman DgDe)
 24653 | D:14     | Reached skill level 16 in Dodging
 24655 | D:14     | Reached skill level 15 in Unarmed Combat
 24670 | D:14     | Reached ****** piety under Okawaru
 24763 | D:14     | Found a gate to the Vaults.
 24812 | D:13     | Noticed Frances
 24821 | D:13     | Killed Frances
 24821 | D:13     | Received a gift from Okawaru
 25434 | D:13     | Noticed Erolcha
 25509 | D:12     | Noticed Nessos
 25601 | D:12     | Found a transporter.
 25719 | D:11     | Noticed Fannar
 25724 | D:11     | Killed Fannar
 25727 | D:11     | Noticed Psyche
 25734 | D:11     | Killed Psyche
 25749 | D:11     | Acquired a +1 hat of willpower
 25749 | D:11     | Received a gift from Okawaru
 26201 | D:11     | Received a gift from Okawaru
 26629 | Orc:2    | Found a staircase to the Elven Halls.
 26653 | Orc:2    | Noticed an orc warlord
 26691 | Orc:2    | Killed an orc warlord
 26872 | Orc:2    | Reached skill level 10 in Fighting
 26874 | Orc:2    | Reached skill level 17 in Dodging
 27222 | Orc:2    | Received a gift from Okawaru
 27322 | Orc:2    | Acquired the +5 demon trident "Worm's Wrath" {pain, Fly
                  | rElec rPois rCorr}
 27322 | Orc:2    | Received a gift from Okawaru
 27336 | Orc:2    | Noticed Nergalle
 27347 | Orc:2    | Killed Nergalle
 27436 | Orc:2    | Learned a level 2 spell: Lesser Beckoning
 27532 | Orc:2    | Found Nashraeb's Antique Armour Boutique.
 27570 | Orc:2    | Found Nuqus's Book Boutique.
 27604 | Orc:2    | Found Miripp's Antique Weapon Boutique.
 27619 | Orc:2    | Found Eduklug's General Store.
 27626 | Orc:2    | Bought a scarf of resistance for 416 gold pieces
 27644 | Orc:2    | Bought a book of Spatial Translocations for 198 gold pieces
 27647 | Orc:2    | Learned a level 2 spell: Blink
 27651 | Orc:2    | Learned a level 3 spell: Gell's Gravitas
 27871 | D:12     | Reached skill level 1 in Translocations
 27883 | D:12     | Reached XP level 15. HP: 86/126 MP: 18/18
 28012 | D:12     | Killed Nessos
 28025 | D:12     | Found a transporter.
 28032 | D:12     | Noticed mooti9's ghost (journeyman DjIE)
 28173 | D:12     | Noticed Azrael
 28209 | D:12     | Killed Azrael
 28209 | D:12     | Received a gift from Okawaru
 29156 | D:13     | Reached skill level 5 in Translocations
 29423 | D:13     | Killed Erolcha
 30132 | D:14     | Found a runed translucent gate.
 30132 | D:14     | Found a runed translucent gate.
 30132 | D:14     | Found a runed translucent gate.
 30190 | D:14     | Found a hazy altar of Hepliaklqana.
 30776 | D:14     | Found a gate to the Vaults.
 30814 | D:14     | Found a hazy altar of Hepliaklqana.
 31326 | D:14     | Found a gate to the Vaults.
 31364 | D:14     | Found a hazy altar of Hepliaklqana.
 31605 | D:14     | Killed drugrobin's ghost
 31900 | Spider:1 | Entered Level 1 of the Spider Nest
 32061 | Spider:1 | Received a gift from Okawaru
 32621 | Spider:1 | Noticed an emperor scorpion
 32652 | Spider:1 | Killed an emperor scorpion
 33164 | Spider:1 | Received a gift from Okawaru
 34035 | Swamp:1  | Entered Level 1 of the Swamp
 34144 | Swamp:1  | Noticed Kirke
 34166 | Swamp:1  | Noticed a sphinx
 34170 | Swamp:1  | Killed Kirke
 34480 | Swamp:1  | Reached skill level 10 in Invocations
 34480 | Swamp:1  | Reached XP level 16. HP: 137/137 MP: 21/23
 34840 | Swamp:1  | Received a gift from Okawaru
 35031 | Swamp:2  | Reached skill level 18 in Dodging
 35170 | Swamp:2  | Noticed Donald
 35515 | Swamp:1  | Reached XP level 17. HP: 144/144 MP: 24/24
 35525 | Swamp:1  | Killed Donald
 35766 | Swamp:2  | Noticed Louise
 35780 | Swamp:2  | Killed Louise
 36551 | Swamp:3  | Received a gift from Okawaru
 36577 | Swamp:3  | Noticed Mlioglotl
 36597 | Swamp:3  | Killed Mlioglotl
 36878 | Swamp:3  | Noticed a tentacled monstrosity
 36902 | Swamp:3  | Killed a tentacled monstrosity
 37069 | Swamp:4  | Entered Level 4 of the Swamp
 37708 | Swamp:4  | Reached skill level 19 in Dodging
 38961 | Elf:1    | Entered Level 1 of the Elven Halls
 38991 | Orc:2    | Bought a scroll of blinking for 97 gold pieces
 39238 | Elf:1    | Paralysed by an air elemental for 1 turns
 39488 | Elf:1    | Received a gift from Okawaru
 39498 | Elf:1    | HP: 4/143 [deep elf pyromancer/bolt of fire (19)]
 39498 | Elf:1    | HP: 1/143 [deep elf pyromancer/+0 rapier (3)]
 39503 | Elf:1    | HP: 4/143 [deep elf knight/lance of force (10)]
 40101 | D:6      | Killed Zonian's ghost
 40279 | D:1      | Bought a scroll of blinking for 105 gold pieces
 40490 | Orc:2    | Bought the +3 warlock's mirror {omnireflect} for 1000 gold
                  | pieces
 40490 | Orc:2    | Found the +3 warlock's mirror {omnireflect}
 40696 | Spider:1 | Noticed Asterion
 40717 | Spider:1 | Reached skill level 1 in Shields
 40733 | Spider:1 | Killed Asterion
 41458 | Spider:2 | Reached skill level 5 in Shields
 41527 | Spider:2 | Received a gift from Okawaru
 42443 | Spider:3 | Noticed Jorgrun
 42604 | Spider:3 | Killed Jorgrun
 42605 | Spider:3 | Reached skill level 1 in Throwing
 42930 | Spider:3 | Reached XP level 18. HP: 157/157 MP: 25/25
 43106 | Spider:3 | Noticed Nikola
 43127 | Spider:3 | Killed Nikola
 43180 | Spider:3 | Found a transporter.
 43180 | Spider:3 | Noticed javelincjr's ghost (adept DjFE)
 43190 | Spider:3 | Found a transporter.
 43430 | Spider:4 | Entered Level 4 of the Spider Nest
 43473 | Spider:3 | Reached skill level 5 in Throwing
 43931 | Spider:4 | Received a gift from Okawaru
 44672 | Spider:4 | Identified the +0 hat of the Delicate God {Rampage rC+}
 45688 | Spider:4 | Got a gossamer rune of Zot
 45924 | Swamp:3  | Constricted to death by a shambling mangrove

Illustrated notes

Levels and vault maps discovered:
D:1:      amcnicky_arrival_gap_in_the_tavern_cellar, layout_loops_corners,
          serial_shops, nicolae_shop_stone, shop, nicolae_shop_behind_doors,
          nicolae_shop_back_alley_shop, nicolae_shop_stone, minivault_24
D:2:      layout_loops_ring, ebering_ecumenical_altar_hall
D:3:      layout_basic, marbit_many_paths, uniq_terence
D:4:      layout_layer_cave, temple_pool_b, ebering_ghost_gozag,
          grunt_ministairs_4
D:5:      wad_woods_pond, layout_loops_ring, hex_tiny, uniq_edmund
D:6:      layout_gridville, lemuel_tele_altar, gammafunk_ghost_nasty_kobolds
D:7:      layout_basic, serial_shops, shop
D:8:      layout_rooms, nicolae_overflow_macrodata_refinement,
          hangedman_abyss_or_decor_lesser_grid
D:9:      layout_small_grid, mainiacjoe_overflow_divided_tiny, serial_glass,
          glass_columns_b, glass_columns_b, glass_columns_b, glass_columns_b,
          minmay_strange_pillars, minmay_misc_feat_iff
D:10:     layout_grid_maze, lair_entry_dummy, orc_0_dummy, hangedman_misty_isle
D:11:     layout_small_grid, portal_ice_cave_entry_pillars_1, minivault_25_ag,
          uniq_psyche, uniq_fannar, uniq_urug
D:12:     layout_cave_pools, nzn_ghost_randoct, drop_trap, uniq_azrael,
          uniq_nessos
D:13:     layout_irregular_city, uniq_erolcha, uniq_frances
D:14:     layout_gridville, david_vaults_4, gammafunk_ghost_icy, moated_statue,
          nicolae_hepliaklqana_monster_ancestors
Temple:   jpeg_temple_clearing
Lair:1:   layout_long_grid, nicolae_quartered_pool_medium,
          dreamdust_mushroom_princess, serial_bayou_pond_e, grunt_megastairs_5,
          uniq_amaemon
Lair:2:   gammafunk_lair_enchanted_lake, layout_regular_city,
          alex1729_swamp_entry_worm_eleionoma
Lair:3:   layout_misc_corridors, spider_nest_entry_web_field,
          pdpol_lair_cabin_in_the_woods
Lair:4:   layout_regular_city, slime_entry_1, nicolae_lair_grove_arrangements,
          serial_bayou_pond_c
Lair:5:   hangedman_lair_in_review, layout_gridlike
Swamp:1:  layout_basic_swamp, evilmike_swamp_ruin_house_2, swamp_pool_1_2,
          nicolae_swamp_dense_foliage, uniq_kirke
Swamp:2:  layout_basic_swamp, infiniplex_staircase_pool, worms_lemuel,
          uniq_donald, uniq_louise
Swamp:3:  cheibrodos_swamp_monstrosity, layout_basic_swamp,
          nicolae_swamp_some_circles, infiniplex_staircase_pool_2,
          uniq_mlioglotl
Swamp:4:  swamp, layout_basic_swamp, uniq_mara
Spider:1: layout_spider_delve, uniq_asterion
Spider:2: layout_spider_delve
Spider:3: layout_spider_delve, gammafunk_ghost_mausoleum,
          hellmonk_watch_for_rolling_rocks, uniq_jorgrun, uniq_nikola
Spider:4: hellmonk_spider_rune_bug_friends, hellmonk_test_site
Orc:1:    layout_caves
Orc:2:    grunt_orc_cross, layout_caves
Elf:1:    eino_elf_arrival_sip, layout_loops_cross,
          hangedman_elven_crosses_minicolossus,
          serial_library_regret_index_headful

Skill      XL: |  1  2  3  4  5  6  7  8  9 10 11 12 13 14 15 16 17 18 |
---------------+-------------------------------------------------------+-----
Dodging        | 2 3 4 6 8 10 11 13 15 17 18 19 | 19.9
Shapeshifting  | 4 5 7 10 | 10.0
Invocations    | 1 3 5 10 | 10.5
Fighting       | 4 6 7 8 9 10 11 13 14 | 14.1
Unarmed Combat | 4 6 7 8 9 13 16 | 16.1
Translocations | 1 5 |  5.8
Shields        | 7 |  7.0
Throwing       | 2 6 |  6.0

Action                     |  1- 3 |  4- 6 |  7- 9 | 10-12 | 13-15 | 16-18 || total
---------------------------+-------+-------+-------+-------+-------+-------++-------
  Melee: Unarmed           |    87 |   158 |   448 |   544 |   965 |   901 ||  3103
         Tailslap          |     7 |    20 |    80 |   115 |   209 |   194 ||   625
         Punch             |       |     3 |     2 |    25 |    95 |    40 ||   165
         Bite              |       |       |       |       |    82 |   173 ||   255
         Maw               |       |       |       |       |    20 |   342 ||   362
  Throw: Dart              |       |     4 |       |       |       |    33 ||    37
   Cast: Lesser Beckoning  |       |       |       |       |     7 |     8 ||    15
         Blink             |       |       |       |       |     2 |     5 ||     7
         Gell's Gravitas   |       |       |       |       |     2 |       ||     2
 Invoke: Heroism           |       |       |       |     7 |    10 |    10 ||    27
         Receive Weapon    |       |       |       |       |     1 |       ||     1
         Receive Armour    |       |       |       |       |     1 |       ||     1
         Finesse           |       |       |       |       |       |     1 ||     1
Ability: Breathe Acid      |       |       |     7 |     4 |     4 |     6 ||    21
  Evoke: Wand              |       |     4 |       |     6 |     9 |    14 ||    33
    Use: Potion            |     1 |     3 |       |     1 |     4 |    16 ||    25
         Scroll            |       |     9 |     5 |     8 |    18 |    11 ||    51
   Stab: Sleeping          |     1 |       |       |     2 |     1 |       ||     4
         Paralysed         |       |    18 |       |       |       |       ||    18
         Invisible         |       |       |       |       |       |    12 ||    12
 Armour: Skin              |    43 |   113 |   292 |   377 |   427 |   557 ||  1809
  Dodge: Dodged            |    39 |   111 |   357 |   584 |  1109 |  1015 ||  3215
         Repelled          |       |       |       |     7 |     6 |       ||    13
  Block: Buckler           |       |       |       |       |       |   214 ||   214
         Reflection        |       |       |       |       |       |     1 ||     1
   Form: Flux              |       |       |     1 |     4 |     5 |       ||    10
         Blade             |       |       |       |     5 |     6 |     1 ||    12
                           |       |       |       |       |     1 |       ||     1
         Maw               |       |       |       |       |     1 |     1 ||     2

Table legend: (Time is in decaauts)
 A = Elapsed time spent in this place.
 B = Non-inter-level travel time spent in this place.
 C = Inter-level travel time spent in this place.
 D = Time resting spent in this place.
 E = Time spent auto-exploring this place.
 F = Levels seen in this place.
 G = Mean time per level.
                   A        B        C        D        E       F      G
               +--------+--------+--------+--------+--------+-----+--------+
         Total |  45795 |  41386 |   4409 |  10548 |  23485 |  31 | 1477.3 |
       Dungeon |  20617 |  18161 |   2456 |   2920 |  12292 |  14 | 1472.6 |
        Temple |     46 |      2 |     44 |      0 |      0 |   1 |   46.0 |
          Lair |  11377 |  10319 |   1058 |   2912 |   5831 |   5 | 2275.4 |
         Swamp |   5013 |   4755 |    258 |   2148 |   1808 |   4 | 1253.2 |
   Spider Nest |   6041 |   5705 |    336 |   2086 |   2299 |   4 | 1510.2 |
  Orcish Mines |   1878 |   1653 |    225 |    187 |    970 |   2 |  939.0 |
   Elven Halls |    820 |    791 |     29 |    293 |    284 |   1 |  820.0 |
               +--------+--------+--------+--------+--------+-----+--------+

Top non-repeatable levels by time:
    D:10: 3155 daAuts
  Lair:5: 2875 daAuts
  Lair:2: 2740 daAuts
 Swamp:3: 2579 daAuts
    D:14: 2240 daAuts
  Lair:4: 2129 daAuts
  Lair:1: 1996 daAuts
     D:4: 1789 daAuts
    D:13: 1696 daAuts
Spider:1: 1692 daAuts
Spider:4: 1681 daAuts
  Lair:3: 1634 daAuts
     D:3: 1570 daAuts
     D:9: 1508 daAuts
 Swamp:1: 1414 daAuts
